 Dungeon Crawl Stone Soup version 0.26-a0-1147-g3780a7a11b (webtiles) character file.

Game seed: 431497248176271338

1010 sokol815 the Changer (level 8, -9/48 HPs)
             Began as an Octopode Transmuter on Dec 22, 2020.
             Was an Initiate of Dithmenos.
             Blown up by a centaur (18 damage)
             ... with a disintegration bolt
             ... on level 6 of the Dungeon.
             The game lasted 00:33:16 (7486 turns).

sokol815 the Changer (Octopode Transmuter)          Turns: 7486, Time: 00:33:17

Health: -9/48      AC:  2    Str:  9    XL:     8   Next: 21%
Magic:  7/11       EV: 20    Int: 17    God:    Dithmenos [......]
Gold:   257        SH:  0    Dex: 18    Spells: 3/11 levels left

rFire    . . .     SeeInvis .     - Unarmed
rCold    . . .     Faith    .   (shield currently unavailable)
rNeg     . . .     Spirit   .   (helmet currently unavailable)
rPois    x         Reflect  .   (no amulet)
rElec    .         Harm     .   i - ring of stealth {Stlth+}
rCorr    .         Rampage  .   (no ring)
Will     .....                  (no ring)
Stlth    +++.......             (no ring)
HPRegen  0.16/turn              (no ring)
MPRegen  0.12/turn              (no ring)
                                (no ring)
                                (no ring)

@: spider-form
A: tiny, almost no armour, stealthy swim, (amphibious), 8 rings, (constrict 8)
a: End Transformation, Renounce Religion


You were on level 6 of the Dungeon.
You worshipped Dithmenos.
Dithmenos was noncommittal.
You were a venomous arachnid creature.
You visited 1 branch of the dungeon, and saw 6 of its levels.
You also visited: Sewer.

You collected 257 gold pieces.

Inventory:

Hand Weapons
 d - a +0 short sword
   (You took it off a kobold on level 1 of the Dungeon)
 e - a +0 club
   (You took it off a goblin on level 1 of the Dungeon)
 k - a +0 dagger
   (You took it off a kobold on level 2 of the Dungeon)
 l - a +0 spear
   (You took it off a hobgoblin on level 2 of the Dungeon)
 u - a +1 vorpal flail
   (You took it off Edmund on level 5 of the Dungeon)
 v - a +1 long sword
   (You found it on level 4 of the Dungeon)
 D - a +0 shortbow
   (You took it off a centaur on level 5 of the Dungeon)
Missiles
 b - 90 stones
 f - 6 atropa-tipped darts
 q - 6 boomerangs
 t - 25 bolts
 E - 53 arrows
 F - 2 javelins (quivered) {=f}
Armour
 A - a +0 buckler
   (You found it in a sewer)
 B - a +0 buckler
   (You found it in a sewer)
Jewellery
 i - a ring of stealth (left front leg) {Stlth+}
   (You found it on level 2 of the Dungeon)
Wands
 o - a wand of polymorph (9)
   (You took it off Natasha on level 2 of the Dungeon)
Scrolls
 c - a scroll of remove curse
 g - a scroll of enchant weapon
 j - 6 scrolls of teleportation
 m - 2 scrolls of identify
 r - a scroll of magic mapping {unknown}
 y - 4 scrolls of fear {unknown}
Potions
 a - 3 potions of degeneration {unknown}
 h - 2 potions of lignification {unknown}
 n - 2 potions of heal wounds {unknown}
 p - 2 potions of attraction {unknown}
 s - 2 potions of curing
 w - 4 potions of flight {unknown}
 x - 2 potions of invisibility {unknown}
 z - a potion of berserk rage {unknown}
 C - a potion of might {unknown}


   Skills:
 - Level 1.0 Fighting
 - Level 2.0 Dodging
 - Level 3.0 Stealth
 - Level 4.0 Shields
 - Level 4.0 Unarmed Combat
 - Level 2.0 Spellcasting
 + Level 6.2 Transmutations
 - Level 5.0 Poison Magic


You had 3 spell levels left.
You knew the following spells:

 Your Spells              Type           Power        Failure   Level
a - Beastly Appendage     Tmut           44%          7%          1
b - Ice Form              Ice/Tmut       12%          69%         4
c - Spider Form           Tmut/Pois      10%          17%         3

Your spell library contained the following spells:

 Spells                   Type           Power        Failure   Level
 Wereblood                Tmut           22%          9%          2
 Blade Hands              Tmut           11%          61%         5


Dungeon Overview and Level Annotations

Branches:
Dungeon (6/15)              Sewer (visited)
 Temple: D:4-7

Altars:
Dithmenos
Okawaru
Vehumet

Shops:
D:5 (

Annotations:
D:4 exclusion: ogre


Innate Abilities, Weirdness & Mutations

You cannot wear most types of armour.
You are very stealthy in the water. (Stealth+)
((You are amphibious.))
You can wear up to eight rings at the same time.
((You can use your tentacles to constrict eight enemies at once.))
((Your skin changes colour to match your surroundings (Stealth+).))
((Your rubbery body absorbs attacks. (AC +1, EV +1)))


Message History

MP restored: 11 You start resting.
Health restored: 48
y - 4 scrolls labelled BOJEFI MOSH (gained 1)
A leopard gecko comes into view.
You miscast Spider Form.
You are very lightly contaminated with residual magic.
Nothing appears to happen.
You now have 8/11 mp.
Unknown command.
You turn into a venomous arachnid creature.
You now have 5/11 mp.
The leopard gecko hisses angrily.
The leopard gecko misses you.
You hit the leopard gecko. The leopard gecko closely misses you.
You hit the leopard gecko.
You kill the leopard gecko!
Dithmenos accepts your kill.
Your transformation is almost over.
Your magical contamination has completely faded away.
You see here a leopard gecko corpse.
You start resting.
Your transformation has ended.
You start resting.
MP restored: 11
Found an escape hatch in the ceiling.
There is an escape hatch in the ceiling here.
A gnoll comes into view. It is wielding a +0 whip.
You turn into a venomous arachnid creature.
You now have 8/11 mp.
A gnoll comes into view. It is wielding a +0 spear.
The gnoll shouts!
A gnoll shaman comes into view. It is wielding a +0 whip.
A gnoll comes into view.
It is wielding a +1 spear of distortion.
A gnoll comes into view. It is wielding a +0 whip.
Okay, then.
Unknown command.
You can't do that in your present form.
The gnoll shouts!
The gnoll shouts!
You hit the gnoll but do no damage. The gnoll completely misses you.
A gnoll comes into view. It is wielding a +0 whip.
The gnoll shouts!
You hit the gnoll.
You hear a shout!
The gnoll barely misses you. x2
You hit the gnoll.
The gnoll is poisoned.
The gnoll shaman calls upon its god to speed up the gnoll.
The gnoll seems to speed up.
The gnoll closely misses you.
You hit the gnoll.
The gnoll looks as sick as possible!
A centaur comes into view.
It is carrying a wand of disintegration (4).
The gnoll hits you from afar with a +0 spear.
The gnoll completely misses you.
The centaur moves out of view.
You take 2 damage, and have 46/48 hp.
You hit the gnoll.
You kill the gnoll!
Dithmenos accepts your kill. The gnoll completely misses you.
The gnoll barely misses you.
You barely miss the gnoll. You hit the gnoll.
The gnoll is poisoned.
The gnoll hits you with a +0 spear.
You take 3 damage, and have 44/48 hp.
You hit the gnoll but do no damage. The gnoll barely misses you.
You hit the gnoll.
The gnoll looks as sick as possible!
The gnoll hits you with a +0 spear!
You take 8 damage, and have 36/48 hp.
You hit the gnoll.
You kill the gnoll!
Dithmenos accepts your kill.
Your transformation is almost over.
You hit the centaur but do no damage. The centaur barely misses you.
The centaur zaps a wand.
You are blasted!
Ouch! That really hurt!
* * * LOW HITPOINT WARNING * * *
You take 30 damage, and have 6/48 hp.
MASSIVE DAMAGE!!
You extend your transformation's duration.
The centaur completely misses you.
You now have 6/11 mp.
You feel better.
The centaur zaps a wand.
You struggle to resist.
The centaur closely misses you.
You regained 7 hp, and now have 14/48 hp.
Here: a centaur, quivering 27 arrows and carrying a wand of disintegration (2) Item here: a +0 spear.
The floor.
Unknown command.
You hit the centaur.
The centaur is poisoned.
The centaur barely misses you.
You hit the centaur.
The centaur looks as sick as possible!
The centaur zaps a wand.
You are blasted!
* * * LOW HITPOINT WARNING * * *
You take 10 damage, and have 4/48 hp.
MASSIVE DAMAGE!!
You feel better.
The centaur zaps a wand.
You are blasted!
You die...

.. #. #.##.##.##.#.#
#.#.###..#.##.####.#
...........##.# #.#
#....#.####.# #.#
###.........# #.#
#..#####..# #.# #!.#
..# .# #).# ##s# #c#


#gg #g## #g# #.. #.. ... You could see a centaur (extremely poisoned), a gnoll
shaman and 3 gnolls.

Vanquished Creatures
  Edmund (D:5)
  A sky beast (D:4)
  An ice beast (D:5)
  A centaur (D:5)
  2 bullfrogs (D:6)
  A howler monkey (D:5)
  2 orc priests (D:3)
  A hound (D:5)
  Natasha (thrice) (D:2)
  3 worker ants
  2 gnolls (D:6)
  7 adders
  5 oozes
  5 worms
  2 dart slugs
  4 leopard geckos
  3 orcs (D:3)
  3 ball pythons
  4 giant cockroaches
  11 goblins
  8 hobgoblins
  15 jackals
  7 kobolds
  2 quokkas (D:2)
  24 bats
  4 frilled lizards
  11 rats
133 creatures vanquished.

Notes
Turn   | Place    | Note
-------+----------+-------------------------------------------
     0 | D:1      | sokol815 the Octopode Transmuter began the quest for the
                  | Orb.
     0 | D:1      | Reached XP level 1. HP: 13/13 MP: 3/3
   104 | D:1      | Reached skill level 1 in Stealth
   118 | D:1      | Reached XP level 2. HP: 18/18 MP: 3/5
   307 | D:1      | Reached skill level 2 in Stealth
   385 | D:1      | Reached XP level 3. HP: 21/23 MP: 4/6
   389 | D:1      | Learned a level 3 spell: Spider Form
   895 | D:2      | Reached skill level 1 in Poison Magic
  1218 | D:2      | Noticed Natasha
  1231 | D:2      | Killed Natasha
  1232 | D:2      | Reached XP level 4. HP: 21/28 MP: 4/7
  1346 | D:2      | Reached skill level 3 in Stealth
  1451 | D:2      | Reached skill level 2 in Poison Magic
  1563 | D:2      | Noticed Natasha
  1678 | D:2      | HP: 5/28 [Natasha (8)]
  1679 | D:2      | Killed Natasha
  1680 | D:2      | Reached skill level 3 in Transmutations
  1680 | D:2      | Reached XP level 5. HP: 6/33 MP: 8/8
  2185 | D:3      | Reached skill level 3 in Poison Magic
  2276 | D:3      | HP: 8/33 [orc priest/+0 mace (5)]
  2279 | D:3      | Reached skill level 4 in Unarmed Combat
  2835 | D:3      | Reached XP level 6. HP: 38/38 MP: 9/9
  3063 | D:3      | Reached skill level 4 in Poison Magic
  3662 | D:2      | Noticed Natasha
  3678 | D:2      | Killed Natasha
  4024 | D:4      | Found a glowing drain.
  4048 | Sewer    | Entered a sewer
  5603 | D:5      | Entered Level 5 of the Dungeon
  5610 | D:5      | Noticed a sky beast
  5647 | D:4      | HP: 9/38 [sky beast (6)]
  5654 | D:4      | HP: 7/38 [sky beast (3)]
  5654 | D:4      | HP: 2/38 [sky beast (5)]
  5659 | D:4      | HP: 7/38 [something (1)]
  5659 | D:4      | HP: 2/38 [something (5)]
  5664 | D:4      | Killed a sky beast
  5665 | D:4      | Reached skill level 2 in Shields
  5665 | D:4      | Reached skill level 4 in Transmutations
  5665 | D:4      | Reached skill level 5 in Poison Magic
  5665 | D:4      | Reached XP level 7. HP: 3/43 MP: 10/10
  6012 | D:5      | Found a radiant altar of Vehumet.
  6018 | D:5      | Found Bihaegar's Antique Weapon Shoppe.
  6083 | D:5      | Noticed Edmund
  6091 | D:5      | Found an iron altar of Okawaru.
  6123 | D:5      | HP: 3/43 [centaur (10)]
  6125 | D:5      | Reached skill level 3 in Shields
  6551 | D:5      | Killed Edmund
  6635 | D:5      | Found a shadowy altar of Dithmenos.
  6942 | D:5      | Reached skill level 4 in Shields
  6953 | D:5      | Reached skill level 5 in Transmutations
  6953 | D:5      | Reached XP level 8. HP: 35/48 MP: 9/11
  7036 | D:5      | Learned a level 4 spell: Ice Form
  7079 | D:5      | Became a worshipper of Dithmenos the Shadowed
  7218 | D:6      | Reached skill level 6 in Transmutations
  7481 | D:6      | HP: 6/48 [disintegration (30)]
  7486 | D:6      | Blown up by a centaur

Illustrated notes

Levels and vault maps discovered:
D:1:      shiori_arrival_elements, layout_rooms
D:2:      layout_basic, minmay_tall_x, uniq_natasha
D:3:      layout_basic, serial_glass, glass_columns_a, glass_columns_a,
          glass_columns_a, glass_columns_a, glass_columns_b, glass_columns_a,
          glass_columns_c, glass_columns_a
D:4:      layout_rooms, cheibrodos_sewer_entry_sluice
D:5:      layout_gridville, nicolae_dithmenos_the_darkroom, serial_shops, shop,
          basic_altar, okawaru_gym_becter, uniq_edmund
D:6:      layout_loops_ring, lemuel_round_altar,
          grunt_temple_overflow_growth_and_decay, gammafunk_ghost_smash

Skill      XL: |  1  2  3  4  5  6  7  8 |
---------------+-------------------------+-----
Stealth        | 1 2 3 |  3.0
Poison Magic   | 1 2 3 5 |  5.0
Transmutations | 3 4 5 6 |  6.2
Unarmed Combat | 4 |  4.0
Shields        | 2 4 |  4.0
Fighting       | |  1.0
Dodging        | |  2.0
Spellcasting   | |  2.0

Action                   |  1- 3 |  4- 6 |  7- 9 || total
-------------------------+-------+-------+-------++-------
Melee: Unarmed           |    84 |   189 |    53 ||   326
       Constrict         |    21 |    36 |     2 ||    59
       Kick              |    18 |    38 |     3 ||    59
       Punch             |     1 |     3 |       ||     4
       Tentacles         |    11 |    34 |     2 ||    47
Throw: Stone             |     5 |    57 |     4 ||    66
       Boomerang         |       |    45 |       ||    45
       Javelin           |       |     2 |     2 ||     4
       Dart              |       |     1 |       ||     1
 Cast: Beastly Appendage |    21 |    37 |     2 ||    60
       Spider Form       |     1 |     5 |     9 ||    15
  Use: Scroll            |       |     4 |     1 ||     5
       Potion            |       |     2 |     2 ||     4
 Stab: Sleeping          |    11 |     9 |     3 ||    23
Armor: Skin              |     9 |    19 |       ||    28
Dodge: Dodged            |    43 |   112 |    37 ||   192

Table legend: (Time is in decaauts)
 A = Elapsed time spent in this place.
 B = Non-inter-level travel time spent in this place.
 C = Inter-level travel time spent in this place.
 D = Time resting spent in this place.
 E = Time spent auto-exploring this place.
 F = Levels seen in this place.
 G = Mean time per level.
                   A        B        C        D        E       F      G
               +--------+--------+--------+--------+--------+-----+--------+
         Total |   7495 |   6963 |    532 |   2302 |   3153 |   7 | 1070.7 |
       Dungeon |   6502 |   5970 |    532 |   2040 |   2655 |   6 | 1083.7 |
         Sewer |    993 |    993 |      0 |    262 |    498 |   1 |  993.0 |
               +--------+--------+--------+--------+--------+-----+--------+

Top non-repeatable levels by time:
     D:2: 1701 daAuts
     D:3: 1602 daAuts
     D:4: 1095 daAuts
   Sewer: 993 daAuts
     D:5: 946 daAuts
     D:1: 786 daAuts
     D:6: 370 daAuts

Table legend:
 A = Kills in this place as a percentage of kills in entire the game.
 B = Kills by you in this place as a percentage of kills by you in the entire game.
 C = Kills by friends in this place as a percentage of kills by friends in the entire game.
 D = Other kills in this place as a percentage of other kills in the entire game.
 E = Experience gained in this place as a percentage of experience gained in the entire game.
 F = Experience gained in this place divided by the number of levels of this place that you have seen.
                   A       B       C       D       E      F
               +-------+-------+-------+-------+-------+----------------------
         Total | 100.0 | 100.0 |   N/A |   N/A | 100.0 | 206.1
       Dungeon |  82.0 |  82.0 |   N/A |   N/A |  95.0 | 228.5
         Sewer |  18.0 |  18.0 |   N/A |   N/A |   5.0 |  72.0
               +-------+-------+-------+-------+-------+----------------------
